 Seeded DCSS version 0.30-a0-918-g0ff054e9dc (webtiles) character file.

Game seed: 3425090202442293766 (custom seed)

1809 Darius099 the Grappler (level 8, -2/74 HPs)
             Began as a Troll Monk on Mar 20, 2023.
             Slain by a gnoll
             ... wielding a +0 flail
             ... led by a gnoll sergeant
              (9 damage)
             ... on level 6 of the Dungeon on Mar 21, 2023.
             The game lasted 00:09:53 (4851 turns).

Darius099 the Grappler (Troll Monk)                 Turns: 4851, Time: 00:09:55

Health: -2/74      AC:  6    Str: 24    XL:     8   Next: 84%
Magic:  0/7        EV: 10    Int:  1    God:
Gold:   998        SH:  0    Dex: 14    Spells: 7/7 levels left

rFire   . . .      SeeInvis +      - Unarmed
rCold   . . .      Faith    .    (no shield)
rNeg    . . .      Spirit   +    F - +2 robe of a Hundred Friends {rElec Str+4 Int-5 Slay+3}
rPois   .          Reflect  .    (helmet restricted)
rElec   +          Rampage  .    (no cloak)
rCorr   .                        (gloves unavailable)
Will    .....                    (boots unavailable)
Stlth   ++                       j - amulet of guardian spirit
HPRegen 1.12/turn                d - ring of see invisible
MPRegen 0.10/turn                (no ring)

@: studying Long Blades
A: large, unfitting armour, claws 3, regeneration 1, shaggy fur 1, tough skin 1
a: no special abilities


You were on level 6 of the Dungeon.
You visited 2 branches of the dungeon, and saw 7 of its levels.

You collected 998 gold pieces.

Inventory:

Missiles
 l - 3 throwing nets (quivered)
Armour
 F - the +2 robe of a Hundred Friends (worn) {rElec Str+4 Int-5 Slay+3}
   (You found it on level 5 of the Dungeon)

   Str:       It affects your strength (+4).
   Int:       It affects your intelligence (-5).
   Slay:      It affects your accuracy & damage with ranged weapons and melee
   (+3).
   rElec:     It insulates you from electricity.
Jewellery
 d - a ring of see invisible (left claw)
 g - a ring of ice
 j - an amulet of guardian spirit (around neck)
 p - an amulet of the acrobat
 E - a ring of magical power
Wands
 C - a wand of flame (12)
Scrolls
 c - 3 scrolls of acquirement
 e - a scroll of blinking {unknown}
 f - 3 scrolls of noise {unknown}
 h - 2 scrolls of enchant armour {unknown}
 m - 4 scrolls of magic mapping
 q - a scroll of fear {unknown}
 r - 3 scrolls of silence {unknown}
 w - 3 scrolls of fog {unknown}
 x - 5 scrolls of teleportation {unknown}
 y - a scroll of immolation {unknown}
 B - a scroll of enchant weapon {unknown}
 G - a scroll of vulnerability {unknown}
 H - a scroll of amnesia {unknown}
Potions
 a - 2 potions of magic
 b - 3 potions of ambrosia
 i - a potion of degeneration {unknown}
 k - 2 potions of resistance {unknown}
 n - 4 potions of curing
 o - 2 potions of brilliance
 s - 2 potions of might
 t - a potion of flight {unknown}
 u - a potion of haste {unknown}
 v - a potion of attraction {unknown}
 z - 2 potions of lignification
 A - 2 potions of mutation {unknown}
 D - a potion of heal wounds {unknown}


   Skills:
 - Level 2.4 Fighting
 - Level 2.4 Dodging
 - Level 1.0 Stealth
 + Level 11.8 Unarmed Combat


You had 7 spell levels left.
You didn't know any spells.
Your spell library contained the following spells:

 Spells                   Type           Power      Damage    Failure   Level
 Blink                    Tloc           0%         N/A       71%         2
 Sublimation of Blood     Necr           0%         N/A       71%         2
 Wereblood                Tmut           0%         N/A       71%         2
 Manifold Assault         Tloc           0%         N/A       100%        4
 Storm Form               Tmut/Air       0%         N/A       100%        7
 Summon Hydra             Summ           0%         N/A       100%        7


Dungeon Overview and Level Annotations

Branches:
Dungeon (6/15)             Temple (1/1) D:5

Altars:
Ashenzari
Cheibriados
Dithmenos
Elyvilon
Fedhas
Hepliaklqana
Kikubaaqudgha
Makhleb
Okawaru
Ru
Sif Muna
Trog
Vehumet
Wu Jian
Xom
Yredelemnul
The Shining One

Shops:
D:2 ?(   D:6 =

Annotations:
D:6 3 runed translucent doors, cforsyth's ghost, novice HuFi


Innate Abilities, Weirdness & Mutations

You are too large for most types of armour.
You have claws for hands.
Your natural rate of healing is unusually fast.
You are covered in fur. (AC +1)
You have tough skin. (AC +1)


Message History

The gnoll sergeant is severely wounded.
The gnoll hits you from afar with a +2 halberd of protection.
The gnoll closely misses you.
The gnoll sergeant hits you with a +0 trident.
You scratch the gnoll sergeant but do no damage.
The gnoll sergeant is severely wounded.
You scratch the gnoll sergeant but do no damage.
The gnoll sergeant is severely wounded.
The gnoll hits you from afar with a +2 halberd of protection.
The gnoll hits you with a +0 flail. The gnoll sergeant closely misses you.
You scratch the gnoll sergeant. You claw the gnoll sergeant.
You kill the gnoll sergeant!
The gnoll barely misses you. The gnoll hits you but does no damage.
You closely miss the gnoll.
The gnoll hits you from afar with a +2 halberd of protection!
You are too injured to fight recklessly!
You are too injured to fight recklessly!
You are too injured to fight recklessly!
You are too injured to fight recklessly!
You are too injured to fight recklessly!
You are too injured to fight recklessly!
You scratch the gnoll.
The gnoll is moderately wounded.
You barely miss the gnoll.
The gnoll is moderately wounded.
The gnoll hits you from afar with a +2 halberd of protection!
The gnoll hits you with a +0 flail.
You scratch the gnoll.
The gnoll is heavily wounded.
The gnoll hits you with a +0 flail!
* * * LOW HITPOINT WARNING * * *
The gnoll barely misses you. The gnoll closely misses you.
You scratch the gnoll.
The gnoll is severely wounded.
The gnoll hits you with a +0 flail!
* * * LOW HITPOINT WARNING * * *
The gnoll hits you from afar with a +2 halberd of protection!
* * * LOW HITPOINT WARNING * * *
The gnoll hits you with a +0 flail!
You die...

#........ ###..... #......#>
#...... ##......#. #+## ..
+...... (........... ...#
###.####.....###.###.....##.
...##.....................###...#
..#.....###....g.......## ###..
#+.#..........##gg.....## ♣##.
........#####.##@#..... #.
.._...................# ##
#.......#####.##.#....# #
####........#.##.#....# ##
#....###.#.##.# ##..# #.
##.#...#.#.##.# #.##♣ ♣##.
#.#...#.#.##.# #..### ##..
#.#..........# #...###....
#.#.....#.#### ##.........


You could see 3 gnolls.

Vanquished Creatures
  Grinder (D:4)
  Sigmund (D:3)
  2 ice beasts
  2 black bears (D:5)
  An ogre (D:5)
  2 centaurs (D:6)
  A gnoll sergeant (D:6)
  2 scorpions (D:6)
  A bullfrog (D:6)
  A crimson imp (D:4)
  5 hounds
  A jelly (D:6)
  2 orc priests
  A sleepcap (D:6)
  Terence (D:3)
  2 iguanas (D:6)
  An orc wizard (D:4)
  6 adders
  A shadow imp (D:5)
  A worm (D:2)
  13 dart slugs
  10 orcs
  8 ball pythons
  7 bats
  5 endoplasms
  3 giant cockroaches
  7 goblins
  7 hobgoblins
  4 kobolds
  A quokka (D:2)
  4 frilled lizards
  A goblin skeleton (D:4)
  A goblin zombie (D:4)
  A hobgoblin zombie (D:4)
  A kobold skeleton (D:4)
  2 kobold zombies (D:4)
  An orc skeleton (D:4)
  13 rats
124 creatures vanquished.

Notes
Turn   | Place    | Note
-------+----------+-------------------------------------------
     0 | D:1      | Darius099 the Troll Monk began the quest for the Orb.
     0 | D:1      | Reached XP level 1. HP: 22/22 MP: 0/0
   111 | D:1      | Reached XP level 2. HP: 28/29 MP: 1/1
   325 | D:1      | Reached skill level 4 in Unarmed Combat
   470 | D:1      | Found a faded altar of an unknown god.
   557 | D:1      | Identified 2 scrolls of acquirement
   557 | D:1      | Acquired 631 gold pieces
   609 | D:2      | Reached XP level 3. HP: 36/36 MP: 2/2
   785 | D:2      | Found Nareh's Weapon Boutique.
   923 | D:2      | Reached XP level 4. HP: 44/44 MP: 3/3
   931 | D:2      | Reached skill level 5 in Unarmed Combat
  1309 | D:2      | Found Lipoy's Magic Scroll Boutique.
  1639 | D:3      | Noticed Terence
  1651 | D:3      | Killed Terence
  1652 | D:3      | Reached XP level 5. HP: 41/50 MP: 4/4
  1721 | D:3      | Noticed Sigmund
  1732 | D:3      | Killed Sigmund
  1733 | D:3      | Reached skill level 7 in Unarmed Combat
  1733 | D:3      | Reached XP level 6. HP: 51/59 MP: 3/5
  2292 | D:4      | Noticed Grinder
  2294 | D:4      | You fall into a shaft and drop 2 floors!
  2323 | D:6      | Found Kausagei's Jewellery Shop.
  2430 | D:6      | Reached skill level 8 in Unarmed Combat
  2430 | D:6      | Reached XP level 7. HP: 64/66 MP: 4/6
  2563 | D:6      | Noticed cforsyth's ghost (novice HuFi)
  2564 | D:6      | Found a runed translucent gate.
  2564 | D:6      | Found a runed translucent gate.
  2564 | D:6      | Found a runed translucent gate.
  2663 | D:5      | Entered Level 5 of the Dungeon
  2709 | D:4      | Reached skill level 9 in Unarmed Combat
  2727 | D:4      | Found a glowing golden altar of the Shining One.
  2854 | D:4      | Killed Grinder
  2855 | D:4      | Reached XP level 8. HP: 47/74 MP: 3/7
  2862 | D:4      | Reached skill level 10 in Unarmed Combat
  3323 | D:4      | Found a white marble altar of Elyvilon.
  3323 | D:4      | Found a basalt altar of Yredelemnul.
  3326 | D:4      | Found an ornate altar of the Wu Jian Council.
  3910 | D:5      | Identified the +2 robe of a Hundred Friends {rElec Str+4
                  | Int-5 Slay+3}
  4114 | D:5      | Found an iron altar of Okawaru.
  4181 | D:5      | Found a staircase to the Ecumenical Temple.
  4214 | Temple   | Entered the Ecumenical Temple
  4214 | Temple   | Found a transporter.
  4214 | Temple   | Found a transporter.
  4216 | Temple   | Found a transporter.
  4216 | Temple   | Found a transporter.
  4411 | D:5      | Reached skill level 11 in Unarmed Combat
  4789 | D:6      | Found a bloodstained altar of Trog.
  4851 | D:6      | Slain by a gnoll

Illustrated notes

Levels and vault maps discovered:
D:1:      minmay_arrival_loop, layout_basic, ebering_ecumenical_altar_webs,
          moated_statue, minmay_tetromino_s2
D:2:      minmay_angry_zag, layout_basic, serial_shops,
          nicolae_shop_behind_doors, nicolae_shop_bloodbath_and_beyond,
          minmay_cut_off
D:3:      kennysheep_slugbush, layout_basic, uniq_sigmund, uniq_terence
D:4:      layout_layer_cave, gammafunk_temple_overflow_claw,
          nicolae_tso_besieged_by_evil, minivault_24, uniq_grinder
D:5:      layout_loops_ring, mainiacjoe_overflow_small_starburst,
          minmay_temple_entry_grid, minmay_misc_feat_square
D:6:      cheibrodos_iron_armory, layout_basic, bloody_trog, marbit_many_paths,
          serial_shops, shop, shop, biasface_ghost_orc_armoury,
          minmay_manual_mares
Temple:   hellmonk_temple_divided_pantheon

Skill      XL: |  1  2  3  4  5  6  7  8 |
---------------+-------------------------+-----
Unarmed Combat | 4 5 7 8 9 11 | 11.8
Fighting       | |  2.4
Dodging        | |  2.4
Stealth        | |  1.0

Action                     |  1- 3 |  4- 6 |  7- 9 || total
---------------------------+-------+-------+-------++-------
  Melee: Unarmed           |    87 |    92 |   124 ||   303
         Punch             |     2 |     2 |    10 ||    14
    Use: Scroll            |     1 |       |     6 ||     7
   Stab: Sleeping          |     1 |     4 |       ||     5
 Armour: Robe              |    13 |    33 |    36 ||    82
  Dodge: Dodged            |    44 |    49 |    69 ||   162

Table legend: (Time is in decaauts)
 A = Elapsed time spent in this place.
 B = Non-inter-level travel time spent in this place.
 C = Inter-level travel time spent in this place.
 D = Time resting spent in this place.
 E = Time spent auto-exploring this place.
 F = Levels seen in this place.
 G = Mean time per level.
                   A        B        C        D        E       F      G
               +--------+--------+--------+--------+--------+-----+--------+
         Total |   4809 |   4700 |    109 |     18 |   3722 |   7 |  687.0 |
       Dungeon |   4776 |   4667 |    109 |     18 |   3716 |   6 |  796.0 |
        Temple |     33 |     33 |      0 |      0 |      6 |   1 |   33.0 |
               +--------+--------+--------+--------+--------+-----+--------+

Top non-repeatable levels by time:
     D:4: 1183 daAuts
     D:2: 897 daAuts
     D:3: 818 daAuts
     D:5: 770 daAuts
     D:1: 559 daAuts
     D:6: 547 daAuts
  Temple: 33 daAuts
